PCL
LAS VEGAS STARS @ DISTRICT 9 PRAWNS
08/06/2029
 
TOP OF THE 1ST
Las Vegas Stars batting - Pitching for District 9 Prawns : LHP Nelson Béltre
Pitching: LHP Nelson Béltre
Batting: RHB Guo-xiu Choi 0-0: Called Strike
0-1: Ball
1-1: Ball
2-1: Swinging Strike
2-2: Ball
3-2: Strikes out swinging
Batting: RHB Fernando Bórquez 0-0: Ball
1-0: Ball
2-0: Called Strike
2-1: Ground out 6-3 (Groundball, 6S)
Batting: RHB William Richardson 0-0: Ball
1-0: Foul Ball, location: 2F
1-1: Fly out, F9 (Flyball, 89D)
Top of the 1st over - 0 runs, 0 hits, 0 errors, 0 left on base; Las Vegas 0 - District 9 0
BOTTOM OF THE 1ST
District 9 Prawns batting - Pitching for Las Vegas Stars : RHP Alberto Márquez
Pitching: RHP Alberto Márquez
Batting: RHB Gil Palmer 0-0: Called Strike
0-1: Ball
1-1: SINGLE (Flyball, 9LS)
Batting: RHB José Colón 0-0: Ball
1-0: SINGLE (Groundball, 4MD)
Gil Palmer to second
Batting: LHB Terry Simpson 0-0: Called Strike
0-1: Ball
1-1: Swinging Strike
1-2: Foul Ball, location: 2F
1-2: Ball
2-2: Strikes out looking
Batting: LHB Jeff Doss 0-0: Reached on error, E6 (Groundball, 6)
Gil Palmer to third
José Colón to second
Batting: LHB Culley Vaughan 0-0: Called Strike
0-1: Ball
1-1: Called Strike
1-2: SINGLE (Flyball, 89M)
Gil Palmer scores
José Colón to third
Jeff Doss to second
Batting: LHB Leonard Young 0-0: Swinging Strike
0-1: Swinging Strike
0-2: Ball
1-2: Foul Ball, location: 2F
1-2: Ball
2-2: Strikes out swinging
Batting: LHB Manuel Cardenas 0-0: Ground out 3-1 (Groundball, 34S)
Bottom of the 1st over - 1 run, 3 hits, 1 error, 3 left on base; Las Vegas 0 - District 9 1
TOP OF THE 2ND
Las Vegas Stars batting - Pitching for District 9 Prawns : LHP Nelson Béltre
Batting: LHB Sammy Marshall 0-0: Swinging Strike
0-1: Fly out, F9 (Flyball, 9LMF)
Batting: RHB Juan Valverde 0-0: Ball
1-0: Ball
2-0: Ball
3-0: Called Strike
3-1: Base on Balls
Batting: LHB Morgan Wright 0-0: Called Strike
0-1: Ball
1-1: Foul Ball, location: 2F
1-2: Fly out, F4 (Popup, 4)
Batting: RHB Alonso Holguín 0-0: Ball
1-0: Ball
2-0: Swinging Strike
2-1: Ball
3-1: Called Strike
3-2: Ground out 6-3 (Groundball, 6)
Top of the 2nd over - 0 runs, 0 hits, 0 errors, 1 left on base; Las Vegas 0 - District 9 1
BOTTOM OF THE 2ND
District 9 Prawns batting - Pitching for Las Vegas Stars : RHP Alberto Márquez
Batting: RHB Edgardo Carrasco 0-0: SINGLE (Groundball, 56D)
Batting: RHB Alfredo Rangel 0-0: Ball
1-0: Fly out, F8 (Line Drive, 8LM)
Batting: RHB Gil Palmer 0-0: Ball
1-0: Called Strike
1-1: Swinging Strike
1-2: Foul Ball, location: 2F
1-2: Ball
2-2: Foul Ball, location: 2F
2-2: Strikes out looking
Batting: RHB José Colón 0-0: Ball
1-0: Ball
2-0: Foul Ball, location: 2F
2-1: Called Strike
2-2: SINGLE (Groundball, 56D)
Edgardo Carrasco to second
Batting: LHB Terry Simpson 0-0: Fly out, F7 (Flyball, 7D)
Bottom of the 2nd over - 0 runs, 2 hits, 0 errors, 2 left on base; Las Vegas 0 - District 9 1
TOP OF THE 3RD
Las Vegas Stars batting - Pitching for District 9 Prawns : LHP Nelson Béltre
Batting: LHB Clint Parkinson 0-0: Called Strike
0-1: Foul Ball, location: 2F
0-2: Foul Ball, location: 2F
0-2: Ball
1-2: Strikes out swinging, 2-3 out at first.
Batting: RHB Barney Lawson 0-0: Ball
1-0: Ball
2-0: Ground out 4-3 (Groundball, 4)
Batting: RHB Guo-xiu Choi 0-0: SINGLE (Groundball, 4MD)
Batting: RHB Fernando Bórquez 0-0: Ball
1-0: Called Strike
1-1: Fly out, F8 (Flyball, 8LM)
Top of the 3rd over - 0 runs, 1 hit, 0 errors, 1 left on base; Las Vegas 0 - District 9 1
BOTTOM OF THE 3RD
District 9 Prawns batting - Pitching for Las Vegas Stars : RHP Alberto Márquez
Batting: LHB Jeff Doss 0-0: Ball
1-0: Ball
2-0: SINGLE (Line Drive, 6D)
Batting: LHB Culley Vaughan 0-0: Fly out, F2 (Popup, 2R)
Batting: LHB Leonard Young 0-0: Foul Ball, location: 2F
0-1: Called Strike
0-2: Fly out, F9 (Flyball, 9S)
Batting: LHB Manuel Cardenas 0-0: Ball
1-0: Fly out, F8 (Flyball, 78M)
Bottom of the 3rd over - 0 runs, 1 hit, 0 errors, 1 left on base; Las Vegas 0 - District 9 1
TOP OF THE 4TH
Las Vegas Stars batting - Pitching for District 9 Prawns : LHP Nelson Béltre
Batting: RHB William Richardson 0-0: Ball
1-0: Ball
2-0: Swinging Strike
2-1: Ball
3-1: Foul Ball, location: 2F
3-2: Base on Balls
Batting: LHB Sammy Marshall 0-0: Swinging Strike
0-1: Ball
1-1: Ball
2-1: Ball
3-1: Foul Ball, location: 2F
3-2: Strikes out swinging
Batting: RHB Juan Valverde 0-0: SINGLE (Flyball, 8RS)
William Richardson to second
William Richardson to third
Batting: LHB Morgan Wright 0-0: Ball
1-0: Grounds into double play, U3-6 (Groundball, 3L)
Top of the 4th over - 0 runs, 1 hit, 0 errors, 1 left on base; Las Vegas 0 - District 9 1
BOTTOM OF THE 4TH
District 9 Prawns batting - Pitching for Las Vegas Stars : RHP Alberto Márquez
Batting: RHB Edgardo Carrasco 0-0: Called Strike
0-1: Swinging Strike
0-2: Ground out 4-3 (Groundball, 4M)
Batting: RHB Alfredo Rangel 0-0: Ball
1-0: Ball
2-0: Called Strike
2-1: Ground out 6-3 (Groundball, 6)
Batting: RHB Gil Palmer 0-0: Swinging Strike
0-1: SINGLE (Flyball, 8LS)
Batting: RHB José Colón 0-0: Ground out 4-3 (Groundball, 34)
Bottom of the 4th over - 0 runs, 1 hit, 0 errors, 1 left on base; Las Vegas 0 - District 9 1
TOP OF THE 5TH
Las Vegas Stars batting - Pitching for District 9 Prawns : LHP Nelson Béltre
Batting: RHB Alonso Holguín 0-0: Called Strike
0-1: Ball
1-1: SINGLE (Line Drive, 34D)
Batting: LHB Clint Parkinson 0-0: Ball
1-0: Swinging Strike
1-1: Ball
2-1: Called Strike
2-2: Strikes out swinging
Batting: RHB Barney Lawson 0-0: Foul Ball, location: 2F
0-1: Ball
1-1: Foul Ball, location: 2F
1-2: Foul Ball, location: 2F
1-2: Ball
2-2: DOUBLE (Line Drive, 7LM)
Alonso Holguín to third
Batting: RHB Guo-xiu Choi 0-0: Ball
1-0: Foul Ball, location: 2F
1-1: Ball
2-1: SINGLE (Line Drive, 3)
Alonso Holguín scores
Barney Lawson to third
Runner from 3rd tries for Home, SAFE, no throw
Batting: RHB Fernando Bórquez 0-0: Ball
1-0: Called Strike
Guo-xiu Choi is caught stealing 2nd base
1-1: Fly out, F9 (Flyball, 9LS)
Top of the 5th over - 2 runs, 3 hits, 0 errors, 0 left on base; Las Vegas 2 - District 9 1
BOTTOM OF THE 5TH
District 9 Prawns batting - Pitching for Las Vegas Stars : RHP Alberto Márquez
Batting: LHB Terry Simpson 0-0: Called Strike
0-1: Ball
1-1: Ball
2-1: Ball
3-1: Called Strike
3-2: Base on Balls
Batting: LHB Jeff Doss 0-0: Ball
1-0: Called Strike
1-1: Ball
2-1: Ball
3-1: Fielders Choice at 2nd, 6-4 (Groundball, 6)
Batting: LHB Culley Vaughan 0-0: Ball
1-0: Reached on error, E4 (Groundball, 4)
Jeff Doss to second
Batting: LHB Leonard Young 0-0: Called Strike
0-1: Ball
1-1: Foul Ball, location: 2F
1-2: SINGLE (Groundball, 4) (infield hit)
Jeff Doss to third
Culley Vaughan to second
Batting: LHB Manuel Cardenas 0-0: SINGLE (Groundball, 4D)
Jeff Doss scores
Culley Vaughan to third
Leonard Young to second
Batting: RHB Edgardo Carrasco 0-0: Ball
1-0: SINGLE (Flyball, 9S)
Culley Vaughan scores
Leonard Young to third
Manuel Cardenas to second
Batting: RHB Alfredo Rangel 0-0: Ball
1-0: Called Strike
1-1: Called Strike
1-2: Foul Ball, location: 2F
1-2: Ball
2-2: Foul Ball, location: 2F
2-2: Fly out, F7 (Flyball, 78D)
Runner from 3rd tags up, SCORES, throw made
Pitching: RHP Ki-tong Shiu
Batting: RHB Gil Palmer 0-0: SINGLE (Groundball, 6) (infield hit)
Manuel Cardenas to third
Edgardo Carrasco to second
Batting: RHB José Colón 0-0: Ball
1-0: Ball
2-0: Called Strike
2-1: Swinging Strike
2-2: Foul Ball, location: 2F
2-2: Ball
3-2: Ground out 5-3 (Groundball, 56S)
Bottom of the 5th over - 3 runs, 4 hits, 1 error, 3 left on base; Las Vegas 2 - District 9 4
TOP OF THE 6TH
Las Vegas Stars batting - Pitching for District 9 Prawns : LHP Nelson Béltre
Batting: RHB William Richardson 0-0: Foul Ball, location: 2F
0-1: Swinging Strike
0-2: Ball
1-2: Ball
2-2: Ball
3-2: Fly out, F7 (Flyball, 7LD)
Batting: LHB Sammy Marshall 0-0: Called Strike
0-1: Swinging Strike
0-2: Foul Ball, location: 2F
0-2: Fly out, F9 (Flyball, 89S)
Batting: RHB Juan Valverde 0-0: Ball
1-0: Ball
2-0: Foul Ball, location: 2F
2-1: SINGLE (Line Drive, 56D)
Batting: LHB Morgan Wright 0-0: Ball
1-0: Ball
2-0: Ball
3-0: Base on Balls
Juan Valverde to second
Batting: RHB Alonso Holguín 0-0: Ball
1-0: Called Strike
1-1: Ball
2-1: Foul Ball, location: 2F
2-2: Ball
3-2: Foul Ball, location: 2F
3-2: Base on Balls
Juan Valverde to third
Morgan Wright to second
Batting: LHB Clint Parkinson 0-0: Swinging Strike
0-1: Called Strike
0-2: Foul Ball, location: 2F
0-2: Foul Ball, location: 2F
0-2: Strikes out swinging
Top of the 6th over - 0 runs, 1 hit, 0 errors, 3 left on base; Las Vegas 2 - District 9 4
BOTTOM OF THE 6TH
District 9 Prawns batting - Pitching for Las Vegas Stars : RHP Ki-tong Shiu
Batting: LHB Terry Simpson 0-0: Ball
1-0: Foul Ball, location: 2F
1-1: Ball
2-1: SINGLE (Flyball, 9S)
Batting: LHB Jeff Doss 0-0: Foul Ball, location: 2F
0-1: Fielders Choice at 2nd, 5-4 (Groundball, 5L)
Batting: LHB Culley Vaughan 0-0: Ball
1-0: Swinging Strike
1-1: Ball
2-1: Called Strike
2-2: Fly out, F9 (Line Drive, 9)
Batting: LHB Leonard Young 0-0: Fly out, F8 (Line Drive, 8LS)
Bottom of the 6th over - 0 runs, 1 hit, 0 errors, 1 left on base; Las Vegas 2 - District 9 4
TOP OF THE 7TH
Las Vegas Stars batting - Pitching for District 9 Prawns : LHP Nelson Béltre
Pitching: RHP Mike Stabler
Batting: RHB Barney Lawson 0-0: Called Strike
0-1: Called Strike
0-2: Foul Ball, location: 2F
0-2: Strikes out looking
Batting: RHB Guo-xiu Choi 0-0: Fly out, F9 (Flyball, 9LS)
Batting: RHB Fernando Bórquez 0-0: Called Strike
0-1: Foul Ball, location: 2F
0-2: Ball
1-2: Strikes out swinging
Top of the 7th over - 0 runs, 0 hits, 0 errors, 0 left on base; Las Vegas 2 - District 9 4
BOTTOM OF THE 7TH
District 9 Prawns batting - Pitching for Las Vegas Stars : RHP Ki-tong Shiu
Pitching: LHP Justin Short
Batting: LHB Manuel Cardenas 0-0: Swinging Strike
0-1: Ball
1-1: Swinging Strike
1-2: Fly out, F1 (Line Drive, 13)
Pitching: RHP Roberto Moreno
Batting: RHB Edgardo Carrasco 0-0: SINGLE (Line Drive, 8RS)
Batting: RHB Alfredo Rangel 0-0: Ball
Pickoff Throw to First - Error! E1
Edgardo Carrasco to second
1-0: Fly out, F7 (Flyball, 7S)
Batting: RHB Gil Palmer 0-0: SINGLE (Groundball, 56D)
Edgardo Carrasco to third
Runner from 3rd tries for Home, SAFE, no throw
Batting: RHB José Colón 0-0: Swinging Strike
0-1: Called Strike
0-2: Ball
1-2: Strikes out swinging
Bottom of the 7th over - 1 run, 2 hits, 1 error, 1 left on base; Las Vegas 2 - District 9 5
TOP OF THE 8TH
Las Vegas Stars batting - Pitching for District 9 Prawns : RHP Mike Stabler
Batting: RHB William Richardson 0-0: Fly out, F4 (Popup, P)
Batting: LHB Sammy Marshall 0-0: Fly out, F8 (Flyball, 8RD)
Batting: RHB Juan Valverde 0-0: Foul Ball, location: 2F
0-1: Ball
1-1: Ball
2-1: Called Strike
2-2: Foul Ball, location: 2F
2-2: Ground out 6-3 (Groundball, 6)
Top of the 8th over - 0 runs, 0 hits, 0 errors, 0 left on base; Las Vegas 2 - District 9 5
BOTTOM OF THE 8TH
District 9 Prawns batting - Pitching for Las Vegas Stars : RHP Roberto Moreno
Batting: LHB Terry Simpson 0-0: SOLO HOME RUN (Flyball, 78XD), Distance : 411 ft
Batting: LHB Jeff Doss 0-0: Ball
1-0: Fly out, F9 (Flyball, 9S)
Batting: LHB Culley Vaughan 0-0: Ground out 4-3 (Groundball, 4)
Batting: LHB Leonard Young 0-0: Called Strike
0-1: Ball
1-1: Called Strike
1-2: Strikes out swinging
Bottom of the 8th over - 1 run, 1 hit, 0 errors, 0 left on base; Las Vegas 2 - District 9 6
TOP OF THE 9TH
Las Vegas Stars batting - Pitching for District 9 Prawns : RHP Mike Stabler
Batting: LHB Morgan Wright 0-0: Ball
1-0: Called Strike
1-1: Ball
2-1: Foul Ball, location: 2F
2-2: Ground out 3-1 (Groundball, 34)
Batting: RHB Alonso Holguín 0-0: Ball
1-0: Swinging Strike
1-1: Ball
2-1: Ball
3-1: Base on Balls
Batting: LHB Clint Parkinson 0-0: Ball
1-0: Ball
2-0: SINGLE (Line Drive, 78M)
Alonso Holguín to second
Pitching: RHP Ignacio Morales
Batting: RHB Barney Lawson 0-0: Fly out, F8 (Flyball, 8RS)
Batting: RHB Guo-xiu Choi 0-0: Called Strike
0-1: Ball
1-1: Ball
2-1: Ball
3-1: Fly out, F9 (Flyball, 9S)
Top of the 9th over - 0 runs, 1 hit, 0 errors, 2 left on base; Las Vegas 2 - District 9 6
Saturday, December 16th, 2017 - OOTP Baseball 18.8 Build 76